Map: Orbital Shipyard

Players

DeMusliM - Winner!

  • Race: Terran Terran
  • League: Grandmaster

uThermal

  • Race: Terran Terran
  • League: Grandmaster

Event: Homestory Cup XII

VOD

Have the link to the VOD?

Description

Time

  • Played on: Dec. 19, 2015, 10:53 a.m.
  • Length: 15:16

All games in this series

Show
View Real Time Build Order
Export as new Build Order

DeMusliM Terran - Winner!

Build Orders: 1/1/1, Liberator Opening, Bio Tank 

Get SALT Encoding   

  12  0:00  SCV  
  13  0:12  SCV  
  14  0:17  Supply Depot  
  14  0:24  SCV  
  14  0:27  Refinery  
  15  0:39  SCV  
  16  0:44  Barracks  
  16  0:51  SCV  
  17  1:03  SCV  
  18  1:15  SCV  
  19  1:31  Supply Depot, Orbital Command  
  19  1:32  Factory, Marine  
  20  1:49  Marine  
  21  1:56  SCV  
  21  1:57  Refinery  
  22  2:07  Marine  
  23  2:08  SCV  
  26  2:15  Hellion  
  26  2:16  Starport  
  26  2:21  SCV  
  27  2:25  Marine  
  28  2:32  Supply Depot  
  28  2:33  Supply Depot  
  28  2:36  Widow Mine  
  31  2:44  Marine  
  31  2:53  SCV, Medivac  
  34  3:02  Marine  
  37  3:05  SCV, Hellion  
  37  3:08  Liberator  
  38  3:14  Command Center  
  41  3:27  Factory Tech Lab  
  41  3:28  SCV  
  42  3:37  Supply Depot  
  42  3:40  SCV  
  43  3:45  Barracks Reactor  
  43  3:53  SCV  
  44  4:05  SCV  
  43  4:21  Marine x2  
  43  4:23  SCV  
  39  4:28  Siege Tank  
  42  4:31  Command Center  
  42  4:34  Orbital Command  
  42  4:35  SCV  
  41  4:39  Marine x2  
  42  4:48  SCV  
  42  4:50  Barracks  
  43  4:58  Marine x2  
  45  5:00  SCV  
  45  5:05  SCV  
  47  5:07  Barracks  
  47  5:12  SCV, Siege Tank  
  51  5:17  SCV  
  51  5:18  Marine x2  
  54  5:21  Medivac  
  54  5:24  SCV  
  57  5:30  SCV  
  58  5:36  SCV, Engineering Bay  
  58  5:37  Engineering Bay  
  58  5:38  Refinery  
  58  5:41  Barracks Tech Lab  
  58  5:42  SCV  
  60  5:46  Refinery  
  60  5:47  Orbital Command  
  60  5:48  SCV  
  59  5:50  Siege Tank  
  59  5:54  SCV  
  59  5:56  Marine  
  59  5:57  Marine  
  64  5:59  Barracks Tech Lab, Starport Reactor  
  64  6:00  SCV  
  64  6:02  Stimpack  
  66  6:06  SCV, Marine  
  66  6:10  Terran Infantry Weapons Level 1  
  68  6:14  SCV, Marine  
  68  6:18  Barracks  
  70  6:20  SCV, Barracks  
  70  6:21  SCV  
  70  6:23  Marine  
  73  6:26  Marine  
  73  6:29  Combat Shields, Orbital Command  
  73  6:31  Terran Infantry Armor Level 1  
  73  6:32  SCV  
  75  6:37  Marine  
  75  6:39  Medivac  
  78  6:43  Supply Depot, Marine  
  78  6:44  Supply Depot  
  79  6:49  Marine x2  
  79  6:51  SCV x2  
  83  6:55  Marine  
  83  7:01  Missile Turret, Marine  
  81  7:02  SCV, Missile Turret  
  81  7:03  SCV  
  81  7:04  SCV  
  81  7:06  Marine  
  81  7:08  Siege Tank, Medivac  
  92  7:09  Barracks Reactor  
  92  7:14  Barracks Reactor  
  91  7:20  Marine  
  91  7:21  SCV x3  
  91  7:22  Supply Depot  
  95  7:26  Marine  
  95  7:27  Marine x2  
  98  7:33  SCV  
  99  7:37  Supply Depot  
  99  7:38  Supply Depot, Marine  
  99  7:39  Armory  
  99  7:41  SCV  
  99  7:43  SCV  
  102  7:44  Marine x2  
  102  7:45  Siege Tank, Marine  
  108  7:52  Supply Depot  
  108  7:56  Supply Depot, Marine  
  109  7:58  Refinery  
  109  7:59  SCV x3, Refinery, Marine x2  
  113  8:09  Medivac x2  
  113  8:11  SCV  
  118  8:13  Marine x2  
  118  8:14  Marine x3  
  118  8:18  Marine x3  
  126  8:24  Factory  
  126  8:32  Siege Tank, Marine x5  
  134  8:35  SCV  
  134  8:36  Marine x3  
  134  8:40  Terran Vehicle Weapons Level 1  
  134  8:41  Supply Depot x2  
  135  8:42  Supply Depot  
  135  8:44  Medivac  
  135  8:50  Marine x4  
  135  8:53  Marine  
  135  8:54  Marine  
  141  8:58  Terran Infantry Weapons Level 2  
  141  8:59  Marine  
  141  9:00  Marine  
  141  9:07  Marine x2  
  141  9:08  Marine x2  
  145  9:11  Marine  
  145  9:12  Command Center, Marine  
  145  9:13  Sensor Tower  
  145  9:14  Supply Depot x2  
  147  9:17  Marine  
  147  9:18  Marine  
  147  9:22  Siege Tank  
  147  9:23  Factory Tech Lab  
  147  9:24  Medivac  
  154  9:25  Marine x2  
  154  9:26  Marine x2  
  154  9:30  Marine x2  
  160  9:31  Terran Infantry Armor Level 2  
  160  9:35  Marine  
  160  9:36  Marine  
  161  9:42  Medivac  
  161  9:43  Marine x3  
  165  9:46  Marine  
  165  9:48  Marine x2  
  168  9:59  Siege Tank, Marine x2  
  173  10:01  Marine x3  
  173  10:02  Siege Tank  
  173  10:04  Marine  
  173  10:06  Marine  
  174  10:08  Supply Depot  
  174  10:12  Marine  
  175  10:17  Marine x2  
  175  10:19  Marine x2  
  170  10:34  Marine  
  154  10:37  Marine x6  
  154  10:38  Siege Tank, Marine  
  136  10:43  Siege Tank  
  139  10:52  Marine  
  139  10:55  Marine x5  
  139  10:56  Marine x2  
  147  11:06  Barracks  
  147  11:07  Barracks  
  147  11:10  Command Center, Siege Tank, Marine  
  151  11:12  Marine  
  151  11:13  Marine x3  
  151  11:15  Siege Tank, Marine x2  
  151  11:16  Terran Infantry Weapons Level 3  
  151  11:18  Terran Vehicle Weapons Level 2, Marine  
  161  11:28  Marine  
  156  11:33  Marine x2  
  156  11:35  Marine x2  
  156  11:36  Marine x3  
  129  11:45  Marine  
  120  11:51  Marine x2  
  120  11:53  Marine x3  
  120  11:54  Marine x2  
  119  11:55  Planetary Fortress  
  120  12:03  Marine  
  120  12:07  Barracks Reactor x2  
  117  12:08  Marine  
  117  12:09  Marine  
  117  12:11  Siege Tank, Marine x4  
  117  12:12  Marine  
  117  12:13  Terran Infantry Armor Level 3  
  125  12:20  Siege Tank, Medivac x2  
  125  12:21  Marine  
  133  12:26  Marine x2  
  133  12:29  Marine x3  
  137  12:30  Marine  
  137  12:33  Marine  
  140  12:39  Marine  
  140  12:43  Siege Tank  
  144  12:44  Marine x2  
  144  12:45  Marine x2  
  144  12:47  Marine x4  
  144  12:48  Marine  
  144  12:50  Medivac  
  144  12:51  Marine  
  156  12:52  Siege Tank  
  156  12:57  Marine  
  160  13:00  Marine  
  160  13:02  Marine x2  
  160  13:03  Marine  
  160  13:04  Marine  
  160  13:05  Marine  
  147  13:14  Marine x4  
  147  13:15  Siege Tank, Marine  
  119  13:20  Marine  
  119  13:22  Marine x4  
  119  13:24  Siege Tank, Marine  
  119  13:25  Marine  
  119  13:26  Medivac  
  120  13:32  Marine x4  
  120  13:33  Marine  
  125  13:41  Marine  
  115  13:43  Marine x2  
  115  13:45  Marine  
  115  13:47  Siege Tank  
  113  13:48  Marine  
  113  13:49  Marine x2  
  113  13:50  Marine x2  
  113  13:52  Marine x2  
  113  13:55  Marine  
  116  13:56  Siege Tank  
  116  13:58  Medivac  
  116  13:59  Marine  
  122  14:10  Refinery, Medivac  
  122  14:11  Refinery  
  122  14:14  Marine x4  
  122  14:15  Marine x5  
  122  14:16  Marine  
  134  14:19  Siege Tank  
  134  14:22  Marine x2  
  139  14:28  Siege Tank  
  139  14:32  Marine  
  139  14:33  Marine x2  
  140  14:41  Marine x2  
  129  14:48  Marine  
  129  14:50  Marine x3  
  127  14:58  Marine x2  
Show
View Real Time Build Order
Export as new Build Order

uThermal Terran 

Build Orders: Reaper Expand, Bio Tank 

Get SALT Encoding   

  12  0:01  SCV  
  13  0:13  SCV  
  14  0:17  Supply Depot  
  14  0:25  SCV  
  15  0:39  SCV  
  15  0:40  Barracks  
  16  0:44  Refinery  
  16  0:51  SCV  
  17  1:03  SCV  
  18  1:15  SCV  
  19  1:27  Reaper  
  19  1:28  Orbital Command  
  20  1:39  Command Center  
  20  1:48  Supply Depot  
  20  1:53  SCV  
  21  1:59  Marine  
  22  2:04  Factory  
  22  2:06  SCV  
  23  2:17  Marine  
  23  2:18  SCV  
  25  2:30  SCV  
  25  2:35  Marine  
  27  2:42  SCV  
  28  2:48  Refinery, Starport  
  28  2:51  Widow Mine  
  30  2:52  Orbital Command  
  30  2:53  Marine  
  30  2:54  SCV  
  32  3:06  SCV  
  32  3:10  Marine  
  34  3:16  Engineering Bay  
  34  3:18  SCV x2  
  36  3:22  Factory Tech Lab  
  36  3:28  Marine  
  36  3:29  Viking  
  36  3:31  Supply Depot  
  36  3:33  SCV x2  
  40  3:43  Siege Tank  
  40  3:45  SCV x2  
  40  3:46  Marine  
  46  3:50  Missile Turret  
  46  3:57  SCV  
  46  4:01  SCV  
  48  4:04  Marine  
  47  4:15  Siege Tank  
  43  4:19  SCV x2  
  43  4:22  Marine  
  40  4:31  SCV x2  
  40  4:33  Barracks  
  40  4:34  Barracks  
  41  4:40  Marine  
  41  4:43  SCV x2  
  44  4:55  SCV, Medivac  
  44  4:57  Marine  
  48  5:00  SCV  
  48  5:03  Missile Turret  
  49  5:07  Supply Depot  
  49  5:08  SCV  
  49  5:12  SCV  
  51  5:15  Marine  
  51  5:18  Refinery x2  
  51  5:20  SCV  
  53  5:22  Barracks Tech Lab x2  
  53  5:24  SCV  
  54  5:32  SCV  
  54  5:33  Marine  
  56  5:37  SCV  
  56  5:42  Marine x2  
  59  5:43  Stimpack  
  59  5:44  SCV  
  60  5:50  Combat Shields  
  60  5:51  Marine  
  60  5:54  SCV, Barracks  
  60  5:55  Barracks  
  62  6:05  Supply Depot  
  62  6:07  Supply Depot, Starport Reactor  
  62  6:14  Supply Depot  
  62  6:18  Supply Depot  
  62  6:26  Marine x3  
  62  6:27  SCV x2, Siege Tank  
  62  6:29  Supply Depot  
  62  6:31  Terran Infantry Weapons Level 1  
  70  6:39  SCV x2  
  72  6:42  Barracks Reactor  
  72  6:43  Barracks Reactor  
  72  6:44  Marine x2  
  72  6:45  Medivac  
  76  6:51  SCV  
  76  6:54  Marine  
  78  6:57  Medivac  
  80  7:02  Siege Tank, Marine x2  
  80  7:04  Supply Depot  
  85  7:11  Marine  
  85  7:14  Supply Depot x2  
  86  7:16  Medivac  
  86  7:20  Marine x2  
  86  7:22  Marine  
  90  7:23  Marine x2  
  90  7:27  Medivac  
  90  7:28  Marine  
  90  7:29  Marine  
  97  7:34  Siege Tank  
  100  7:38  Marine x2  
  100  7:42  Marine  
  100  7:43  Marine  
  104  7:45  Marine  
  104  7:46  Marine  
  104  7:48  Marine  
  107  7:51  Command Center  
  107  7:52  Medivac  
  107  7:55  Marine x2  
  107  7:57  Medivac  
  113  8:05  Marine x2  
  114  8:07  Marine x2  
  117  8:13  Marine x2  
  117  8:14  Marine  
  120  8:22  Medivac  
  120  8:23  Marine x2  
  120  8:25  Terran Infantry Armor Level 1  
  120  8:26  SCV x2, Supply Depot  
  124  8:27  Supply Depot, Medivac  
  124  8:33  Supply Depot  
  126  8:39  Marine x2  
  126  8:41  Siege Tank  
  126  8:47  Marine x4  
  130  8:51  Factory, Marine  
  131  8:56  SCV x2  
  131  8:57  Marine x2  
  135  9:05  Marine x3  
  135  9:06  Orbital Command  
  135  9:07  Marine  
  139  9:13  Marine  
  139  9:15  Marine x2  
  142  9:17  Siege Tank  
  144  9:24  Marine x2  
  146  9:31  Marine  
  146  9:32  Supply Depot, Engineering Bay, Armory  
  146  9:34  Marine  
  146  9:36  Factory Tech Lab  
  146  9:37  Marine  
  149  9:38  Marine  
  149  9:39  Marine  
  149  9:42  Medivac  
  149  9:45  Marine x2  
  154  9:49  Marine  
  154  9:52  Marine  
  153  10:00  Marine x2  
  153  10:01  Marine  
  153  10:02  Siege Tank x2  
  162  10:08  Marine  
  163  10:14  Marine  
  163  10:16  Marine x2  
  163  10:17  Medivac  
  163  10:18  Marine, Medivac  
  163  10:19  Marine  
  169  10:25  Marine  
  169  10:27  Marine  
  157  10:32  Marine  
  157  10:34  Siege Tank, Marine x2  
  157  10:35  Siege Tank  
  164  10:36  Marine  
  164  10:40  Marine  
  126  10:43  Marine  
  126  10:45  Marine  
  126  10:47  Terran Infantry Weapons Level 2  
  128  10:50  Marine  
  128  10:52  Marine x2  
  128  10:53  Terran Infantry Armor Level 2  
  128  10:54  Marine  
  132  10:58  Marine  
  132  11:00  Marine  
  132  11:03  Marine  
  135  11:08  Marine  
  135  11:09  Marine  
  135  11:10  Marine  
  138  11:12  Marine  
  139  11:20  Marine x2  
  139  11:21  Marine  
  136  11:35  Marine x2  
  136  11:36  Siege Tank, Medivac  
  136  11:37  Marine x2  
  136  11:39  Siege Tank, Marine  
  115  11:40  Marine x2  
  113  11:53  Marine x2  
  104  11:55  Marine x2  
  104  11:57  Barracks, Marine  
  104  11:58  Barracks, Marine  
  104  11:59  Marine  
  104  12:08  Siege Tank  
  106  12:11  Marine x2  
  106  12:13  Marine x2  
  106  12:14  Siege Tank  
  106  12:15  Marine  
  112  12:24  Terran Vehicle Weapons Level 1  
  112  12:27  Marine x2  
  114  12:30  Marine  
  114  12:31  Marine  
  116  12:37  Marine x2  
  116  12:39  Marine  
  119  12:45  Marine  
  119  12:46  Marine x2  
  119  12:47  Marine  
  119  12:48  Marine  
  123  12:54  Marine  
  123  12:55  Marine  
  125  13:04  Siege Tank  
  115  13:19  Marine  
  93  13:21  Siege Tank  
  91  13:40  Marine  
  83  13:41  Marine  
  83  13:47  Orbital Command  
  81  13:51  Marine x2  
  80  13:58  Marine  
  80  13:59  Marine  
  80  14:07  Marine  
  79  14:10  Marine  
  80  14:28  Marine  
  81  14:37  Marine  
  69  14:40  Orbital Command  
  69  14:43  Marine  
  53  14:58  Marine  
Tags
 
Add a new tag
Caveats
  • Supply blocks, unpowered buildings, or Contaminate may cause inaccurate times.
  • Supply counts are checked every 10 seconds.